Map: Crête de Lerilak

Players

Thorogmar

  • Race: Protoss Protoss
  • League: Silver

Worming

  • Race: Protoss Protoss
  • League: Diamond

Legacy

  • Race: Zerg Zerg

Gommedor

  • Race: Zerg Zerg

VOD

Have the link to the VOD?

Description

Time

  • Played on: Nov. 17, 2015, 12:01 p.m.
  • Length: 15:02
Show
View Real Time Build Order
Export as new Build Order

Thorogmar Protoss 

Build Orders:  

Get SALT Encoding   

  12  0:01  Probe (Chrono Boost)  
  13  0:12  Probe (Chrono Boost)  
  14  0:20  Pylon  
  14  0:22  Probe (Chrono Boost)  
  15  0:39  Gateway, Probe (Chrono Boost)  
  16  0:50  Probe (Chrono Boost), Assimilator  
  17  1:00  Probe (Chrono Boost), Pylon  
  19  1:11  Probe (Chrono Boost)  
  19  1:22  Probe (Chrono Boost)  
  20  1:27  Cybernetics Core  
  20  1:31  Assimilator  
  20  1:32  Probe (Chrono Boost)  
  23  1:43  Probe (Chrono Boost)  
  24  1:54  Probe (Chrono Boost)  
  24  2:00  Nexus  
  23  2:06  Mothership Core (Chrono Boost)  
  25  2:13  Stalker  
  27  2:24  Probe (Chrono Boost)  
  28  2:35  Probe (Chrono Boost)  
  29  2:40  Pylon  
  29  2:45  Probe (Chrono Boost)  
  30  2:53  Warp Gate (Chrono Boost), Pylon  
  30  2:56  Probe (Chrono Boost)  
  31  3:02  Robotics Facility  
  31  3:05  Pylon  
  31  3:09  Probe (Chrono Boost)  
  34  3:13  Sentry  
  34  3:23  Probe (Chrono Boost)  
  34  3:24  Probe (Chrono Boost)  
  36  3:29  Assimilator  
  36  3:34  Probe (Chrono Boost)  
  37  3:35  Probe (Chrono Boost)  
  40  3:41  Sentry  
  40  3:43  Probe (Chrono Boost)  
  40  3:46  Probe  
  42  3:53  Probe  
  43  3:56  Warp Prism  
  43  3:58  Probe  
  46  4:04  Probe  
  47  4:10  Probe  
  47  4:11  Sentry  
  47  4:15  Probe  
  50  4:22  Probe  
  52  4:26  Probe  
  52  4:27  Gateway  
  52  4:29  Gateway  
  53  4:33  Twilight Council  
  53  4:34  Probe  
  53  4:36  Probe  
  55  4:45  Pylon  
  55  4:46  Probe  
  55  4:55  Probe  
  56  5:03  Immortal  
  58  5:12  Resonating Glaives (Chrono Boost), Stalker  
  62  5:16  Probe  
  62  5:17  Probe  
  62  5:20  Pylon  
  64  5:22  Pylon  
  64  5:29  Probe  
  65  5:36  Stalker  
  65  5:40  Observer  
  68  5:53  Assimilator  
  68  6:00  Gateway  
  68  6:02  Gateway  
  69  6:04  Probe x2, Immortal  
  69  6:07  Adept  
  69  6:08  Adept  
  78  6:13  Gateway  
  78  6:15  Gateway, Adept  
  78  6:18  Forge  
  82  6:20  Pylon x2  
  80  6:32  Adept x2  
  84  6:33  Gateway  
  84  6:35  Adept  
  86  6:43  Protoss Ground Weapons Level 1, Immortal (Chrono Boost)  
  90  6:55  Adept x2  
  90  6:56  Adept x3  
  100  7:04  Pylon  
  100  7:05  Pylon  
  100  7:07  Pylon  
  100  7:08  Adept  
  102  7:24  Pylon  
  102  7:28  Adept  
  102  7:29  Adept x5  
  114  7:32  Immortal (Chrono Boost)  
  118  7:39  Adept  
  120  7:57  Nexus  
  121  8:06  Observer (Chrono Boost)  
  121  8:13  Adept x3  
  121  8:14  Adept x3  
  133  8:26  Assimilator  
  128  8:31  Pylon  
  124  8:36  Pylon  
  124  8:41  Pylon  
  124  8:45  Pylon  
  102  8:59  Probe x2  
  102  9:00  Robotics Bay  
  104  9:11  Probe x3  
  107  9:19  Adept x5  
  107  9:20  Adept x2  
  107  9:22  Protoss Ground Weapons Level 2  
  107  9:23  Probe x2  
  123  9:24  Gateway  
  123  9:26  Probe  
  123  9:28  Gateway  
  124  9:35  Probe  
  124  9:36  Probe  
  124  9:44  Adept x5  
  124  9:45  Adept  
  136  9:49  Disruptor (Chrono Boost)  
  137  9:56  Forge  
  137  9:59  Assimilator  
  137  10:19  Zealot  
  134  10:36  Nexus  
  134  10:39  Observer (Chrono Boost)  
  133  11:09  Probe  
  133  11:10  Probe x2  
  130  11:13  Protoss Ground Armor Level 1  
  130  11:15  Blink (Chrono Boost), Disruptor (Chrono Boost)  
  118  11:19  Probe  
  118  11:21  Adept x2, Pylon  
  118  11:22  Probe, Stalker x5  
  131  11:33  Stargate  
  129  11:44  Assimilator  
  129  11:49  Assimilator  
  129  11:51  Pylon  
  130  11:58  Stalker x7  
  130  12:02  Observer (Chrono Boost)  
  126  12:09  Protoss Ground Weapons Level 3  
  126  12:14  Stargate  
  126  12:21  Disruptor (Chrono Boost)  
  126  12:22  Gateway  
  129  12:23  Photon Cannon  
  129  12:25  Photon Cannon  
  129  12:28  Photon Cannon  
  121  12:42  Pylon  
  119  12:44  Adept  
  119  12:45  Adept x6  
  119  12:46  Stalker x2  
  123  13:19  Stalker x4  
  121  13:20  Stalker x5  
  121  13:22  Disruptor (Chrono Boost)  
  121  13:24  Void Ray x2  
  134  13:34  Probe  
  134  13:35  Probe x2  
  137  13:49  Stalker x3  
  137  13:50  Stalker x4  
  137  13:51  Sentry x2  
  137  13:55  Disruptor (Chrono Boost)  
  168  14:45  Nexus  
  167  14:49  Assimilator  
  167  14:54  Assimilator  
  167  14:56  Pylon  
  167  14:57  Stalker x4  
  167  14:58  Stalker x3  
Show
View Real Time Build Order
Export as new Build Order

Worming Protoss 

Build Orders:  

Get SALT Encoding   

  12  0:01  Drone  
  13  0:12  Overlord  
  13  0:21  Drone  
  14  0:31  Drone x2  
  16  0:36  Drone  
  17  0:54  Hatchery  
  16  1:00  Drone  
  16  1:01  Drone  
  18  1:22  Hatchery  
  18  1:24  Drone  
  18  1:39  Spawning Pool  
  17  1:43  Drone  
  17  1:44  Drone  
  20  1:47  Drone  
  20  1:58  Overlord  
  20  2:07  Drone x2  
  22  2:16  Overlord  
  22  2:19  Drone  
  23  2:25  Queen  
  23  2:27  Queen  
  27  2:34  Queen  
  29  2:40  Drone x2  
  29  2:42  Drone  
  32  2:45  Drone  
  34  2:58  Drone x3  
  34  3:01  Queen  
  34  3:04  Zergling x2  
  39  3:10  Drone  
  39  3:11  Drone  
  41  3:14  Queen  
  41  3:16  Overlord  
  42  3:41  Extractor x2  
  42  3:44  Zergling x4  
  42  3:45  Drone x2, Zergling x4  
  42  3:46  Drone x3  
  42  3:47  Drone x6  
  55  3:50  Overlord x2  
  55  3:54  Overlord  
  55  4:11  Drone x3  
  58  4:28  Drone x3  
  58  4:29  Drone x5  
  58  4:30  Overlord  
  58  4:31  Overlord x2  
  66  4:39  Metabolic Boost  
  66  4:43  Roach Warren  
  66  4:44  Lair  
  65  4:52  Drone x6  
  71  4:54  Extractor  
  71  4:55  Extractor  
  69  5:07  Drone x3  
  69  5:09  Hatchery  
  69  5:12  Drone x3, Extractor  
  69  5:14  Drone x2, Extractor  
  72  5:16  Overlord x2  
  73  5:30  Overlord  
  73  5:31  Overlord  
  73  5:36  Drone  
  74  5:47  Roach  
  74  5:48  Roach x10  
  92  5:54  Hydralisk Den  
  92  5:55  Evolution Chamber  
  87  5:57  Evolution Chamber  
  87  6:02  Drone, Overlord, Spine Crawler  
  87  6:03  Overlord  
  86  6:12  Overlord  
  86  6:13  Overlord, Glial Reconstitution  
  86  6:17  Ravager  
  86  6:18  Ravager x6  
  93  6:20  Drone  
  93  6:21  Drone x3  
  93  6:25  Zerg Missile Weapons Level 1  
  97  6:30  Lurker Den  
  97  6:40  Zerg Ground Armor Level 1  
  97  6:46  Drone  
  99  6:47  Drone  
  99  6:48  Overlord  
  99  6:49  Overlord  
  99  6:51  Roach  
  99  6:52  Roach x2  
  105  6:59  Queen  
  107  7:05  Drone x2  
  109  7:17  Overlord x3  
  109  7:22  Pneumatized Carapace  
  109  7:24  Burrow, Drone x2  
  109  7:25  Drone x3  
  114  7:38  Hydralisk  
  114  7:39  Hydralisk x6  
  128  7:54  Spine Crawler  
  128  7:57  Spine Crawler  
  126  8:07  Overlord  
  126  8:09  Roach x2, Hydralisk x5  
  126  8:10  Roach x4  
  149  8:12  Lurker  
  149  8:13  Lurker x3  
  143  8:20  Hydralisk x2  
  143  8:21  Zergling x4  
  143  8:23  Overseer  
  122  8:34  Roach x2  
  122  8:35  Roach x5  
  95  8:57  Hydralisk x5  
  95  8:58  Roach x4, Hydralisk x2  
  95  9:00  Zergling x2  
  109  9:04  Hydralisk x2  
  109  9:10  Hydralisk  
  109  9:11  Hydralisk x4  
  107  9:26  Lurker x2  
  104  9:37  Lurker  
  104  9:38  Lurker  
  86  9:40  Zerg Missile Weapons Level 2  
  84  9:46  Lurker  
  84  9:48  Zergling x2  
  84  9:49  Lurker  
  84  9:50  Zergling x6  
  84  9:51  Zergling x18  
  98  9:53  Zergling x4  
  100  10:16  Spine Crawler  
  82  10:43  Roach, Hydralisk x3  
  82  10:44  Roach x7, Hydralisk x2  
  82  10:45  Roach x2  
  93  11:13  Roach, Hydralisk  
  93  11:14  Roach x4, Hydralisk x7  
  93  11:17  Hydralisk  
  93  11:18  Hydralisk x8  
  101  11:22  Roach x6  
  101  11:24  Hydralisk  
  84  11:35  Roach x3  
  84  11:36  Roach x2  
  94  11:40  Hatchery  
  94  11:45  Lurker x2  
  67  11:59  Roach x2, Hydralisk x3  
  67  12:00  Roach  
  39  12:10  Zergling x2  
  39  12:11  Roach  
  40  12:27  Hatchery  
  30  12:32  Roach x4  
  30  12:36  Hatchery  
  33  12:43  Roach  
  32  13:11  Roach  
  32  13:12  Roach  
  36  13:24  Roach x2, Hydralisk  
  43  13:32  Drone x2  
  45  13:41  Ravager x4  
  48  14:17  Hydralisk x2  
  52  14:43  Drone x5  
  52  14:44  Drone  
  58  14:54  Lurker  
Show
View Real Time Build Order
Export as new Build Order

Legacy Zerg 

Build Orders:  

Get SALT Encoding   

Show
View Real Time Build Order
Export as new Build Order

Gommedor Zerg 

Build Orders:  

Get SALT Encoding   

Tags
 
Add a new tag
Caveats
  • Supply blocks, unpowered buildings, or Contaminate may cause inaccurate times.
  • Supply counts are checked every 10 seconds.